 Dungeon Crawl Stone Soup version 0.23.2-40-g277498a (webtiles) character file.

Game seed: 11520506263540911690

401 Fang the Skirmisher (level 6, -2/40 HPs)
             Began as a Gargoyle Berserker on Oct 14, 2019.
             Was a Priest of Trog.
             Slain by Menkaure (7 damage)
             ... on level 4 of the Dungeon.
             The game lasted 00:02:57 (3197 turns).

Fang the Skirmisher (Gargoyle Berserker)            Turns: 3197, Time: 00:02:58

Health: -2/40      AC: 16    Str: 22    XL:     6   Next: 85%
Magic:  6/6        EV:  9    Int:  8    God:    Trog [***...]
Gold:   183        SH:  0    Dex:  9    Spells: 5/5 levels left

rFire    . . .     SeeInvis .   a - +0 hand axe
rCold    . . .     Gourm    .   (no shield)
rNeg     + . .     Faith    .   b - +0 chain mail (curse)
rPois    ∞         Spirit   .   t - +1 helmet
rElec    +         Reflect  .   (no cloak)
rCorr    .         Harm     .   (no gloves)
MR       .....                  (no boots)
Stlth    ..........             (no amulet)
HPRegen  0.13/turn              (no ring)
MPRegen  0.10/turn              (no ring)

@: berserk cooldown, slowed, very slow
A: negative energy resistance 1, electricity resistance, unbreathing,
petrification resistance, rot immunity, AC +4
a: Berserk, Trog's Hand, Renounce Religion


You were on level 4 of the Dungeon.
You worshipped Trog.
Trog was most pleased with you.
You were very hungry.

You visited 1 branch of the dungeon, and saw 4 of its levels.

You collected 183 gold pieces.

Inventory:

Hand Weapons
 a - a +0 hand axe (weapon)
Armour
 b - a cursed +0 chain mail (worn)
 t - a +1 helmet (worn)
Wands
 l - a wand of paralysis (9)
Scrolls
 g - 4 scrolls of fear {unknown}
 h - 2 scrolls of identify {unknown}
 i - 2 scrolls of enchant weapon {unknown}
 j - 2 scrolls of enchant armour {unknown}
 m - a scroll of immolation {unknown}
 n - a scroll of noise {unknown}
 o - 2 scrolls of amnesia {unknown}
 r - 2 scrolls of fog {unknown}
 v - a scroll of magic mapping {unknown}
Potions
 e - a potion of might {unknown}
 f - a potion of resistance {unknown}
 k - 2 potions of curing {unknown}
 p - a potion of lignification {unknown}
 q - a potion of degeneration {unknown}
 s - 2 potions of flight {unknown}
 u - a potion of mutation {unknown}
Comestibles
 c - 6 rations
 d - a chunk of flesh


   Skills:
 + Level 4.9 Fighting
 + Level 4.0 Axes
 + Level 4.3 Armour
 + Level 3.2 Dodging


You had 5 spell levels left.
You didn't know any spells.
Your spell library was empty.

Dungeon Overview and Level Annotations

Branches:
Dungeon (4/15)
 Temple: D:4-7

Altars:
Ashenzari

Annotations:
D:4 Menkaure


Innate Abilities, Weirdness & Mutations

You are resistant to torment.
Your stone body is resilient. (AC +4)
You are immune to poison.
You resist negative energy. (rN+)
You are resistant to electric shocks. (rElec)
You can survive without breathing.
You are immune to petrification.
You are immune to rotting.


Message History

You kill the hound!
Trog accepts your kill.
Items here: ) ††† a cursed -3 giant spiked club; a hound corpse; a worker ant corpse a giant cockroach corpse You feel a strong urge to attack something.
Found a shattered altar of Ashenzari.
Found a scroll labeled WET ZU SYWE.
You feel your anger nearly subside.
You are no longer berserk.
You are exhausted.
You feel yourself slow down.
A jackal comes into view.
The jackal barks!
A leopard gecko comes into view.
The leopard gecko hisses angrily.
Menkaure, Prince of Dust comes into view.
Some of the chunks of flesh in your inventory have rotted away.
Menkaure shouts!
Menkaure hits you!
You die...

####.#.##.#...#
#.#....#..#####
#.##..........#
#......#....#.#
#####..##...#.#
#.......#)#
##..#...#.# #
#..#...#.## .#
##.#..#M@.##..#
...#.......#
#..l....#
#...[...#
####h.....
+_#.....?
###......
.........
.........


You could see Menkaure, a leopard gecko and a jackal.

Vanquished Creatures
  An ogre (D:4)
  A hound (D:4)
  An orc wizard (D:3)
  An orc priest (D:3)
  A worker ant (D:4)
  Robin (D:4)
  3 gnolls (D:4)
  7 adders
  An adder skeleton (D:4)
  2 worms
  4 leopard geckos
  9 orcs
  5 bats
  3 giant cockroaches
  17 goblins
  7 hobgoblins
  2 jackals (D:2)
  6 kobolds
  A quokka (D:3)
  A ball python (D:4)
  2 frilled lizards
  7 rats
83 creatures vanquished.

Notes
Turn   | Place    | Note
-------+----------+-------------------------------------------
     0 | D:1      | Fang the Gargoyle Berserker began the quest for the Orb.
     0 | D:1      | Reached XP level 1. HP: 14/14 MP: 1/1
   934 | D:2      | Reached XP level 2. HP: 14/19 MP: 2/2
  1145 | D:2      | Reached XP level 3. HP: 18/23 MP: 3/3
  1508 | D:2      | Reached ** piety under Trog
  1705 | D:3      | Reached XP level 4. HP: 27/29 MP: 4/4
  1945 | D:3      | Reached XP level 5. HP: 11/33 MP: 5/5
  2578 | D:4      | Noticed Robin
  2590 | D:4      | Killed Robin
  2951 | D:4      | Reached *** piety under Trog
  2962 | D:4      | Reached XP level 6. HP: 34/39 MP: 6/6
  3189 | D:4      | Found a shattered altar of Ashenzari.
  3195 | D:4      | Noticed Menkaure
  3197 | D:4      | Slain by Menkaure

Skill      XL: |  1  2  3  4  5  6 |
---------------+-------------------+-----
Axes           | 3 4 |  4.0
Dodging        | 2 3 |  3.2
Armour         | 3 4 |  4.3
Fighting       | 4 |  4.9

Action                   |  1- 3 |  4- 6 || total
-------------------------+-------+-------++-------
Melee: Hand axe          |   102 |   182 ||   284
Invok: Berserk           |       |     3 ||     3
  Eat: Chunk             |     3 |     6 ||     9
Armor: Animal skin       |    49 |    50 ||    99
       Chain mail        |       |    43 ||    43
Dodge: Dodged            |    85 |   103 ||   188
